 Dungeon Crawl Stone Soup version 0.31.0-12-g77e489cdc1 (webtiles) character file.

Game seed: 15278030216502361721

106 safid the Ruffian (level 4, -4/35 HPs)
             Began as a Draconian Shapeshifter on Mar 7, 2024.
             Constricted to death by Ijyb (7 damage)
             ... on level 3 of the Dungeon.
             The game lasted 00:02:03 (1830 turns).

safid the Ruffian (Draconian Shapeshifter)          Turns: 1830, Time: 00:02:04

Health: -4/35      AC:  5    Str: 24    XL:     4   Next: 55%
Magic:  4/4        EV:  9    Int: 11    God:
Gold:   112        SH:  0    Dex: 10    Spells: 3/3 levels left

rFire   . .          .
                       - Unarmed
rCold   . . .        (no shield)
rNeg    . . .        (body armour unavailable)
rPois   .            (helmet currently unavailable)
rElec   .            (cloak currently unavailable)
rCorr   .            (gloves currently unavailable)
SInv    .            (boots currently unavailable)
Will    .....        (no amulet)
Stlth   +            i - +6 ring of strength
HPRegen 0.25/turn    (no ring)
MPRegen 0.09/turn

%: no passive effects
@: beast-form, grasped by roots, constricted
A: beast (slay +2), AC +5, unfitting armour, cold-blooded
a: Begin Untransformation


You were on level 3 of the Dungeon.
You were a hulking beast.
You visited 1 branch of the dungeon, and saw 3 of its levels.

You collected 112 gold pieces.

Inventory:

Jewellery
 i - a +6 ring of strength (left hand)
 n - an amulet of faith
 o - a ring of wizardry
Talismans
 b - a beast talisman
 c - a flux talisman
Scrolls
 d - 2 scrolls of fear {unknown}
 h - a scroll of teleportation {unknown}
 k - 4 scrolls of identify {unknown}
 m - a scroll of fog {unknown}
Potions
 a - a potion of lignification
 e - a potion of brilliance {unknown}
 f - a potion of haste {unknown}
 g - 3 potions of curing {unknown}
 j - a potion of cancellation {unknown}
 l - a potion of attraction {unknown}
 p - 2 potions of degeneration {unknown}


   Skills:
 + Level 1.3 Fighting
 + Level 2.6 Dodging
 + Level 4.0 Unarmed Combat
 * Level 3.9 Shapeshifting


You had 3 spell levels left.
You didn't know any spells.
Your spell library was empty.

Dungeon Overview and Level Annotations

Branches:
Dungeon (3/15)

Altars:

Shops:
D:2 =

Annotations:
D:3 Ijyb


Innate Abilities, Weirdness & Mutations

You are a hulking beast.
Your limbs bulge with bestial killing power. (Slay +2)
Your plain brown scales are hard. (AC +5)
You cannot fit into any form of body armour.
You are cold-blooded and may be slowed by cold attacks.


Message History

The adder bites you.
Unknown command.
You hit the adder. You tail-slap the adder.
You kill the adder!
The quokka barely misses you.
Your Unarmed Combat skill increases to level 4!
Unknown command.
You punch the quokka!
You kill the quokka!
Unknown command.
You barely miss Ijyb. Ijyb hits you with a +0 dagger.
You punch Ijyb!
Ijyb is moderately wounded.
Ijyb hits you with a +0 dagger.
You punch Ijyb!
Ijyb is severely wounded.
Ijyb hits you with a +0 dagger.
You barely miss Ijyb.
Ijyb is severely wounded.
Ijyb zaps a wand.
The roots erupt in riotous growth!
The grasping roots grab you!
Ijyb is unaffected.
The grasping roots constrict you.
Unknown command.
You hit Ijyb but do no damage.
Ijyb is severely wounded.
Ijyb hits you but does no damage. The grasping roots constrict you.
* * * LOW HITPOINT WARNING * * *
Unknown command.
You hit Ijyb.
Ijyb is almost dead.
Ijyb hits you with a +0 dagger.
* * * LOW HITPOINT WARNING * * *
The grasping roots constrict you.
* * * LOW HITPOINT WARNING * * *
You hit Ijyb.
Ijyb is almost dead.
Ijyb hits you with a +0 dagger.
* * * LOW HITPOINT WARNING * * *
The grasping roots constrict you!
You die...

#.#
##.####.........
#.# #.#
#.........
#.####.#
######.###
#...##.# #.# #
###.##.. ..# #
#.# #### #.# ###
#.# #.. #h# #.#
#g# ........#
.#####..# ....
....# ###..#
#..# #..#


You could see Ijyb.

Vanquished Creatures
  5 adders
  3 dart slugs
  5 bats
  6 endoplasms
  4 giant cockroaches
  A goblin (D:1)
  6 hobgoblins
  6 kobolds
  4 quokkas
  3 ball pythons
  5 frilled lizards
  4 rats
52 creatures vanquished.

Notes
Turn   | Place    | Note
-------+----------+-------------------------------------------
     0 | D:1      | safid the Draconian Shapeshifter began the quest for the
                  | Orb.
     0 | D:1      | Reached XP level 1. HP: 16/16 MP: 1/1
   103 | D:1      | Reached XP level 2. HP: 10/23 MP: 2/2
   569 | D:1      | Reached XP level 3. HP: 28/28 MP: 3/3
  1035 | D:2      | Found Lari's Jewellery Shop.
  1159 | D:2      | Reached XP level 4. HP: 33/35 MP: 4/4
  1815 | D:3      | Noticed Ijyb
  1823 | D:3      | Reached skill level 4 in Unarmed Combat
  1830 | D:3      | Constricted to death by Ijyb

Illustrated notes

Levels and vault maps discovered:
D:1:      mrwooster_arrival_statue_2, layout_loops_ring
D:2:      layout_basic, serial_shops, shop,
          nicolae_concentric_dashed_squares_mild, minmay_tetromino_t4
D:3:      layout_loops_ring, uniq_ijyb

Skill      XL: |  1  2  3  4 |
---------------+-------------+-----
Dodging        | 2 |  2.6
Unarmed Combat | 4 |  4.0
Fighting       | |  1.3
Shapeshifting  | |  3.9

Action                     |  1- 3 |  4- 6 || total
---------------------------+-------+-------++-------
  Melee: Unarmed           |    90 |    39 ||   129
         Tailslap          |    12 |     6 ||    18
         Punch             |     1 |     1 ||     2
   Stab: Sleeping          |     1 |     2 ||     3
 Armour: Skin              |    56 |    43 ||    99
  Dodge: Dodged            |    55 |    26 ||    81
